 Dungeon Crawl Stone Soup version 0.29.1-1-gd02db6906a (webtiles) character file.

Game seed: 10847758499565515536

595 nshep25 the Chopper (level 7, -4/61 HPs)
             Began as a Minotaur Fighter on Oct 12, 2022.
             Killed from afar by an orc wizard (6 damage)
             ... with a magic dart
             ... on level 4 of the Dungeon.
             The game lasted 00:12:40 (4351 turns).

nshep25 the Chopper (Minotaur Fighter)              Turns: 4351, Time: 00:12:41

Health: -4/61      AC: 13    Str: 22    XL:     7   Next: 16%
Magic:  6/6        EV:  9    Int:  9    God:
Gold:   242        SH:  0    Dex:  8    Spells: 6/6 levels left

rFire   . . .      SeeInvis .   a - +1 war axe (protect)
rCold   . . .      Faith    .   c - +0 buckler
rNeg    . . .      Spirit   .   b - +0 scale mail
rPois   .          Reflect  .   (helmet restricted)
rElec   .          Harm     .   j - +1 cloak
rCorr   .          Rampage  .   (no gloves)
Will    .....      Rnd*Tele +   (no boots)
Stlth   ..........              (no amulet)
HPRegen 0.20/turn               (no ring)
MPRegen 0.10/turn               (no ring)

@: confused, under a protective aura
A: horns 2, retaliatory headbutt, clever 1, deformed body, teleportitis 1
a: no special abilities


You were on level 4 of the Dungeon.
You visited 1 branch of the dungeon, and saw 4 of its levels.
You also visited: Sewer.

You collected 242 gold pieces.

Inventory:

Hand Weapons
 a - a +1 war axe of protection (weapon)
Missiles
 r - 5 poisoned darts (quivered)
Armour
 b - a +0 scale mail (worn)
 c - a +0 buckler (worn)
 j - a +1 cloak (worn)
 n - a scarf of invisibility
Scrolls
 e - 3 scrolls of teleportation
 l - 2 scrolls of enchant armour
 p - a scroll of fear
 t - a scroll of poison
 w - a scroll of brand weapon
Potions
 d - a potion of might
 k - a potion of berserk rage
 x - 6 potions of flight


   Skills:
 + Level 5.3 Fighting
 + Level 6.9 Axes
 + Level 5.2 Armour
 + Level 1.5 Dodging
 + Level 0.4 Stealth
 + Level 4.5 Shields


You had 6 spell levels left.
You didn't know any spells.
Your spell library contained the following spells:

 Spells                   Type           Power      Damage    Failure   Level
 Slow                     Hex            0%         N/A       78%         1
 Confusing Touch          Hex            0%         N/A       98%         3
 Vampiric Draining        Necr           0%         2d6       98%         3


Dungeon Overview and Level Annotations

Branches:
Dungeon (4/15)              Sewer (visited)
 Temple: D:4-7

Altars:


Innate Abilities, Weirdness & Mutations

You have a pair of horns on your head.
You reflexively headbutt those who attack you in melee.
Your mind is acute. (Int +4, Str/Dex -1)
Armour fits poorly on your strangely shaped body.
You are occasionally teleported next to monsters.


Message History

An orc comes into view. It is wielding a +0 dagger.
The orc shouts!
The iguana bites you. The orc wizard casts a spell at you.
The puff of flame hits you.
Things that are here:
a +0 club; a +0 ring mail; a scroll of enchant weapon You barely miss the orc.
You hit the iguana but do no damage. The iguana closely misses you.
The orc closely misses you.
The orc wizard points at you and mumbles some strange words.
You are confused.
The iguana bites you but does no damage.
You're too confused to move!
The orc closely misses you.
The orc wizard points at you and mumbles some strange words.
You resist with some effort. The iguana bites you!
* * * LOW HITPOINT WARNING * * *
You closely miss the orc. You closely miss the iguana. The orc misses you.
The iguana bites you but does no damage.
The orc hits you but does no damage.
You slash the orc!
You kill the orc!
You slash the iguana! The iguana barely misses you.
The orc wizard hits you but does no damage.
The iguana attacks as you move away! The iguana bites you!
* * * LOW HITPOINT WARNING * * *
The orc wizard hits you but does no damage.
The orc misses you.
Things that are here:
a +0 flail; a +0 leather armour You barely miss the orc wizard.
You slash the iguana! You closely miss the orc.
The iguana bites you but does no damage.
The orc hits you but does no damage.
The orc wizard gestures at you while chanting.
You resist with some effort.
You're too confused to move!
The iguana bites you!
* * * LOW HITPOINT WARNING * * *
The orc hits you but does no damage.
The orc wizard gestures at you while chanting.
The magic dart hits you.
You die...

########~~..........#
#.....##...#..####.# ..
##.....#.....#....#.###.#
...##..#......###.#.#.'.'
#..#..[)......>##.#...#
..#...รท..####.).#.....#
#...................#.#
....................#
.#.#............@l..#
................oo....#
##...................##
#.####...>.......#...# #.
#.#..........#...
..##.#..##..###. . #.#.##
... ..#. ###


You could see an iguana, an orc wizard and an orc.

Vanquished Creatures
  A scorpion (D:4)
  A necrophage (D:4)
  A howler monkey (D:4)
  2 orc priests
  An iguana (D:4)
  3 orc wizards
  5 river rats (Sewer)
  8 adders
  5 worms
  4 dart slugs
  16 orcs
  14 ball pythons
  5 endoplasms
  5 giant cockroaches
  7 goblins
  10 hobgoblins
  4 jackals (Sewer)
  7 kobolds
  3 quokkas
  18 bats
  2 frilled lizards
  9 rats
131 creatures vanquished.

Vanquished Creatures (others)
  8 plants (D:4)
8 creatures vanquished.

Grand Total: 139 creatures vanquished

Notes
Turn   | Place    | Note
-------+----------+-------------------------------------------
     0 | D:1      | nshep25 the Minotaur Fighter began the quest for the Orb.
     0 | D:1      | Reached XP level 1. HP: 19/19 MP: 0/0
   201 | D:1      | Reached XP level 2. HP: 27/27 MP: 1/1
   315 | D:1      | Found a faded altar of an unknown god.
   757 | D:1      | Reached XP level 3. HP: 33/33 MP: 2/2
  1486 | D:2      | Reached skill level 3 in Axes
  2023 | D:3      | Reached XP level 4. HP: 37/41 MP: 3/3
  2099 | D:3      | Reached skill level 4 in Axes
  2112 | D:3      | Reached XP level 5. HP: 33/47 MP: 4/4
  2922 | D:4      | Reached skill level 5 in Axes
  2942 | D:4      | Reached XP level 6. HP: 7/55 MP: 5/5
  3011 | D:4      | Reached skill level 5 in Fighting
  3151 | D:4      | Reached skill level 1 in Dodging
  3190 | D:4      | Reached skill level 6 in Axes
  3190 | D:4      | Reached skill level 5 in Armour
  3234 | D:4      | Found a glowing drain.
  3243 | Sewer    | Entered a sewer
  3675 | Sewer    | Reached XP level 7. HP: 61/61 MP: 6/6
  4272 | Sewer    | Gained mutation: Armour fits poorly on your strangely
                  | shaped body. [potion of mutation]
  4272 | Sewer    | Gained mutation: Your mind is acute. (Int +4, Str/Dex -1)
                  | [potion of mutation]
  4272 | Sewer    | Gained mutation: You are occasionally teleported next to
                  | monsters. [potion of mutation]
  4351 | D:4      | HP: 2/61 [iguana (7)]
  4351 | D:4      | Killed from afar by an orc wizard

Illustrated notes

Levels and vault maps discovered:
D:1:      zelgadis_glass_arrival_small, layout_loops_corners,
          hellmonk_ecumenical_altar_heavens_door
D:2:      layout_loops_cross, minmay_tetromino_i2
D:3:      layout_loops_corners, chequers_decorated_corner, hex_large,
          kennysheep_cross_bottleneck
D:4:      layout_rooms, minmay_temple_entry_glassed_door,
          lightli_sewer_entry_pipes, ebering_dispersal_statue_hall,
          guppyfry_early_lair_pool

Skill      XL: |  1  2  3  4  5  6 |
---------------+-------------------+-----
Fighting       | 4 5 |  5.3
Armour         | 4 5 |  5.2
Shields        | 4 |  4.5
Axes           | 3 4 5 6 |  6.9
Dodging        | 1 |  1.5
Stealth        | |  0.4

Action                   |  1- 3 |  4- 6 |  7- 9 || total
-------------------------+-------+-------+-------++-------
Melee: War axe           |    67 |   145 |    40 ||   252
       Headbutt          |     6 |    23 |     2 ||    31
  Use: Scroll            |       |       |     9 ||     9
       Potion            |       |       |     5 ||     5
Armor: Scale mail        |    26 |    85 |    34 ||   145
Dodge: Dodged            |    32 |    66 |    35 ||   133
Block: Buckler           |    10 |    40 |    15 ||    65
